 Dungeon Crawl Stone Soup version 0.29.1-15-g9cfb28693d (webtiles) character file.

Game seed: 5264320208627129565

3887 ThatPearl the Placeless Demonspawn (level 10, -1/79 HPs)
             Began as a Demonspawn Venom Mage on Mar 12, 2023.
             Was a Follower of Vehumet.
             Slain by a water moccasin (7 damage)
             ... on level 8 of the Dungeon.
             The game lasted 00:30:02 (8996 turns).

ThatPearl the Placeless Demonspawn (DsVM)           Turns: 8996, Time: 00:30:04

Health: -1/79      AC:  5    Str: 15    XL:     10   Next: 0%
Magic:  15/20      EV: 12    Int: 23    God:    Vehumet [*.....]
Gold:   409        SH:  0    Dex: 14    Spells: 2/23 levels left

rFire   . . .      SeeInvis .   e - +7 trident "Grom" {vorpal, *Rage Str+6 Int+3}
rCold   . . .      Faith    .   (no shield)
rNeg    . . .      Spirit   .   a - +0 robe
rPois   .          Reflect  .   d - +1 hat
rElec   .          Harm     .   (no cloak)
rCorr   .          Rampage  .   R - +0 pair of gloves
Will    .....      Rage     20% (no boots)
Stlth   ++........              l - amulet of magic regeneration
HPRegen 0.23/turn               h - +4 ring of slaying
MPRegen 0.57/turn               (no ring)

@: studying Translocations
A: horns 2, demonic guardian 2, spiny 1, sharp scales 1
a: Renounce Religion


You were on level 8 of the Dungeon.
You worshipped Vehumet.
Vehumet was aware of your devotion.
You visited 2 branches of the dungeon, and saw 9 of its levels.

You collected 409 gold pieces.

Inventory:

Hand Weapons
 e - the +7 trident "Grom" (weapon) {vorpal, *Rage Str+6 Int+3}
   (You took it off an orc on level 5 of the Dungeon)

   It inflicts extra damage upon your enemies.
   Str:       It affects your strength (+6).
   Int:       It affects your intelligence (+3).
   *Rage:     It berserks you when you make melee attacks (+20% chance).
 y - a +0 sling
 G - a +0 war axe
 Q - a +6 vorpal trident
Missiles
 c - 9 boomerangs
 o - a throwing net
 z - 32 poisoned darts
 L - 12 boomerangs of dispersal
Armour
 a - a +0 robe (worn)
 d - a +1 hat (worn)
 u - a +2 ring mail of willpower
 R - a +0 pair of gloves (worn)
Magical Staves
 E - a staff of cold
 P - a staff of earth
Jewellery
 h - a +4 ring of slaying (left hand)
 l - an amulet of magic regeneration (around neck)
 v - a ring of willpower
 N - an amulet of regeneration
Wands
 p - a wand of polymorph (13)
 A - a wand of digging (8)
 C - a wand of iceblast (5)
 D - a wand of flame (37)
Scrolls
 i - 10 scrolls of identify {unknown}
 k - a scroll of noise {unknown}
 m - 3 scrolls of teleportation {unknown}
 r - 2 scrolls of vulnerability {unknown}
 s - 2 scrolls of enchant armour {unknown}
 B - 3 scrolls of immolation {unknown}
 F - a scroll of fog {unknown}
 H - 2 scrolls of blinking {unknown}
 J - a scroll of enchant weapon {unknown}
 O - a scroll of magic mapping {unknown}
Potions
 b - 2 potions of magic
 f - 4 potions of degeneration {unknown}
 g - 3 potions of curing
 j - 3 potions of attraction
 n - 2 potions of haste {unknown}
 q - 4 potions of brilliance {unknown}
 t - a potion of might {unknown}
 w - 3 potions of flight {unknown}
 x - 3 potions of heal wounds {unknown}
 I - 5 potions of lignification {unknown}
 K - a potion of mutation {unknown}
 M - a potion of resistance {unknown}


   Skills:
 + Level 7.2 Fighting
 + Level 2.1 Dodging
 - Level 1.7 Stealth
 * Level 7.1 Spellcasting
 + Level 8.4 Translocations
 - Level 0.8 Transmutations
 + Level 7.9 Poison Magic


You had 2 spell levels left.
You knew the following spells:

 Your Spells              Type           Power      Damage    Failure   Level
c - Mephitic Cloud        Conj/Pois/Air  20%        N/A       8%          3
d - Dispersal             Tloc           23%        N/A       36%         6
i - Iskenderun's Mystic   Conj/Tloc      27%        2d7       13%         4
r - Olgreb's Toxic Radia  Pois           44%        N/A       2%          4
s - Sting                 Tmut/Pois      100%       1d8       1%          1
t - Teleport Other        Tloc           47%        N/A       1%          3

Your spell library contained the following spells:

 Spells                   Type           Power      Damage    Failure   Level
 Magic Dart               Conj           32%        1d4       8%          1
 Apportation              Tloc           94%        N/A       1%          1
 Poisonous Vapours        Pois/Air       52%        N/A       2%          2
 Necrotise                Necr           32%        1d5       8%          1
 Static Discharge         Conj/Air       8%         3-4/arc   12%         2
 Gell's Gravitas          Tloc           47%        N/A       1%          3
 Dazzling Flash           Conj/Hex       16%        N/A       22%         3
 Frozen Ramparts          Ice            16%        1d3       22%         3
 Vampiric Draining        Necr           8%         2d6       22%         3
 Alistair's Intoxication  Tmut/Pois      18%        N/A       34%         5
 Ice Form                 Ice/Tmut       10%        N/A       54%         4
 Summon Ice Beast         Ice/Summ       8%         N/A       58%         4
 Agony                    Necr           8%         N/A       91%         5
 Lightning Bolt           Conj/Air       4%         1d15      91%         5
 Starburst                Conj/Fire      4%         6d3       100%        6
 Maxwell's Capacitive Co  Air            4%         ∞         100%        8


Dungeon Overview and Level Annotations

Branches:
Dungeon (8/15)             Temple (1/1) D:7
   Lair: D:8-11

Altars:
Ashenzari
Cheibriados
Dithmenos
Fedhas
Gozag
Kikubaaqudgha
Makhleb
Qazlal
Ru
Uskayaw
Vehumet
Xom
Yredelemnul


Innate Abilities, Weirdness & Mutations

You have a pair of horns on your head.
A demonic guardian rushes to your aid.
You are partially covered in sharp spines.
You are partially covered in razor-sharp scales. (AC +1, Slay +1)


Message History

Casting: Olgreb's Toxic Radiance (dangerous; 3% risk of failure)
Confirm with . or Enter, or press ? or * to list all spells.
Your toxic radiance grows in intensity.
The electric eel looks even sicker.
The wyvern looks even sicker.
The electric eel looks as sick as possible!
You kill the electric eel!
Vehumet accepts your kill.
You feel your power returning. The wyvern bites you.
The centaur barely misses you. x2; The wyvern bites you!
You hit the centaur.
The centaur is almost dead.
The centaur looks even sicker.
The wyvern looks even sicker.
The centaur is struck by your spines. The centaur hits you.
The centaur barely misses you. The wyvern misses you.
The water moccasin closely misses you. The centaur is struck by your spines.
You kill the centaur!
Vehumet accepts your kill. The wyvern bites you!
You have reached level 10!
You hit the wyvern. You punch the wyvern.
The wyvern is severely wounded.
The wyvern looks as sick as possible!
Your toxic aura wanes.
The water moccasin bites you but does no damage.
The wyvern bites you.
The water moccasin is struck by your spines.
The water moccasin bites you.
You barely miss the wyvern.
The wyvern is almost dead.
The wyvern bites you!
* * * LOW HITPOINT WARNING * * *
A demonic guardian appears!
The water moccasin is struck by your spines.
The water moccasin bites you.
* * * LOW HITPOINT WARNING * * *
The wyvern is struck by your spines.
You kill the wyvern!
Vehumet accepts your kill. The water moccasin bites you!
You die...

#.....#..##.....#....#..#
......'..##...###########
......#.......#≈≈≈≈≈≈≈≈≈
###########...#≈≈≈≈.....
..........#####≈≈≈.....
<.............#≈≈....8
..............#≈...♣ ♣
..............#≈S).♣...♣
#######'##....'.@.8..8?.
'........####'#≈...♣.).♣
#........#....#≈.4.♣ ♣
#........#....#≈≈....8
#..########...#≈≈≈.....
##+##...###...#≈≈≈≈.....
#..........#≈≈≈≈≈≈≈≈≈
#..........##########
+..........#


You could see a water moccasin and a friendly orange demon (summoned).

Vanquished Creatures
  3 wyverns
  2 water moccasins
  An ice beast (D:5)
  2 sky beasts
  A black bear (D:5)
  An orc warrior (D:6)
  2 centaurs
  A phantom (D:6)
  2 kobold brigands
  2 necrophages
  A gnoll sergeant (D:7)
  A bullfrog (D:6)
  A water moccasin zombie (D:6)
  2 scorpions
  A wyvern skeleton (D:6)
  17 wights
  A killer bee (D:7)
  2 electric eels
  A howler monkey (D:7)
  3 centaur zombies (D:6)
  3 jellies
  3 hounds
  An orc priest (D:6)
  A bullfrog skeleton (D:6)
  A gnoll bouda (D:8)
  2 iguanas
  6 orc wizards
  A howler monkey zombie (D:6)
  10 adders
  15 gnolls
  A shadow imp (D:5)
  2 white imps
  An ufetubus (D:5)
  3 worms
  2 dart slugs
  24 orcs
  6 ball pythons
  5 bats
  14 endoplasms
  2 giant cockroaches
  9 hobgoblins
  5 jackals
  19 kobolds
  5 quokkas
  5 frilled lizards
  2 goblins (D:1)
  7 rats
202 creatures vanquished.

Vanquished Creatures (collateral kills)
  An orc priest (D:8)
  3 gnolls
  2 orcs
  A hobgoblin (D:1)
  A goblin (D:2)
8 creatures vanquished.

Vanquished Creatures (others)
  3 plants (D:4)
3 creatures vanquished.

Grand Total: 213 creatures vanquished

Notes
Turn   | Place    | Note
-------+----------+-------------------------------------------
     0 | D:1      | ThatPearl the Demonspawn Venom Mage began the quest for the
                  | Orb.
     0 | D:1      | Reached XP level 1. HP: 13/13 MP: 3/3
   507 | D:1      | Gained mutation: A weak demonic guardian rushes to your
                  | aid. [demonic ancestry]
   507 | D:1      | Reached XP level 2. HP: 20/20 MP: 3/5
   647 | D:1      | Reached skill level 1 in Fighting
   927 | D:1      | Found a faded altar of an unknown god.
   976 | D:1      | Gained mutation: You are partially covered in sharp spines.
                  | [demonic ancestry]
   976 | D:1      | Reached XP level 3. HP: 24/26 MP: 3/6
  1279 | D:1      | Learned a level 3 spell: Mephitic Cloud
  1744 | D:2      | Gained mutation: You have a pair of small horns on your
                  | head. [demonic ancestry]
  1744 | D:2      | Reached XP level 4. HP: 12/33 MP: 8/8
  2590 | D:2      | Gained mutation: You have a pair of horns on your head.
                  | [demonic ancestry]
  2590 | D:2      | Reached XP level 5. HP: 39/39 MP: 9/9
  3440 | D:3      | Learned a level 4 spell: Olgreb's Toxic Radiance
  3901 | D:4      | Found a shimmering altar of Xom.
  3901 | D:4      | Found a hide-covered altar of Uskayaw.
  4030 | D:5      | Entered Level 5 of the Dungeon
  4042 | D:5      | Reached skill level 1 in Translocations
  4300 | D:5      | Reached XP level 6. HP: 47/47 MP: 11/11
  4307 | D:5      | Reached skill level 2 in Translocations
  4564 | D:5      | Noticed an ice beast
  4713 | D:5      | Noticed a water moccasin
  4714 | D:5      | Reached skill level 5 in Poison Magic
  4714 | D:5      | Reached XP level 7. HP: 53/53 MP: 10/13
  4724 | D:5      | Reached skill level 3 in Translocations
  5019 | D:5      | Reached skill level 4 in Translocations
  5113 | D:5      | Learned a level 3 spell: Teleport Other
  5162 | D:5      | Identified the +7 trident "Grom" {vorpal, *Rage Str+6
                  | Int+3}
  5643 | D:6      | Gained mutation: You are partially covered in razor-sharp
                  | scales. (AC +1, Slay +1) [demonic ancestry]
  5643 | D:6      | Reached XP level 8. HP: 61/61 MP: 15/15
  5668 | D:6      | Reached skill level 5 in Spellcasting
  5668 | D:6      | Reached skill level 5 in Translocations
  5941 | D:6      | Reached skill level 5 in Fighting
  6663 | D:6      | Reached skill level 6 in Translocations
  6872 | D:6      | Found a sacrificial altar of Ru.
  6884 | D:6      | Gained mutation: A demonic guardian rushes to your aid.
                  | [demonic ancestry]
  6884 | D:6      | Reached XP level 9. HP: 69/69 MP: 17/17
  7295 | D:7      | Reached skill level 7 in Translocations
  7526 | D:7      | Found a staircase to the Ecumenical Temple.
  7532 | Temple   | Entered the Ecumenical Temple
  7545 | Temple   | Became a worshipper of Vehumet
  8281 | D:8      | Reached skill level 8 in Translocations
  8400 | D:8      | Learned a level 4 spell: Iskenderun's Mystic Blast
  8458 | D:8      | Reached * piety under Vehumet
  8458 | D:8      | Offered knowledge of Magic Dart by Vehumet.
  8700 | D:8      | Learned a level 6 spell: Dispersal
  8995 | D:8      | Reached XP level 10. HP: 31/79 MP: 13/20
  8996 | D:8      | Slain by a water moccasin

Illustrated notes

Levels and vault maps discovered:
D:1:      dpeg_arrival_prison, layout_rooms, ebering_ecumenical_altar_rust,
          serial_forest, infiniplex_forest_straight_4, infiniplex_forest_3_way,
          infiniplex_forest_lined_3_way, infiniplex_forest_clump_medium,
          infiniplex_forest_lined_4_way, infiniplex_forest_zigzag_2,
          kennysheep_flooded_box, minivault_19
D:2:      layout_basic, minmay_misc_feat_more_columns
D:3:      layout_loops_ring
D:4:      layout_rooms, nicolae_overflow_two_pavilions, serial_bayou_pond_c
D:5:      layout_cave_pools, chequers_serial_rivers_micro_b
D:6:      layout_cave_pods, nicolae_overflow_crystal_walls, serial_undead,
          serial_undead_d, serial_undead_f, serial_undead_d, serial_undead_b,
          minmay_unpleasant_kobolds
D:7:      layout_cave_pools, minmay_temple_entry_hall, kennysheep_potato
D:8:      layout_gridville, kennysheep_generic_room_2
Temple:   hellmonk_temple_of_storms

Skill      XL: |  1  2  3  4  5  6  7  8  9 |
---------------+----------------------------+-----
Fighting       | 1 2 3 4 5 7 |  7.2
Spellcasting   | 3 4 5 7 |  7.1
Poison Magic   | 4 5 6 7 |  7.9
Translocations | 1 2 4 6 8 |  8.4
Dodging        | 2 |  2.1
Stealth        | |  1.7
Transmutations | |  0.8

Action                   |  1- 3 |  4- 6 |  7- 9 | 10-12 || total
-------------------------+-------+-------+-------+-------++-------
Melee: Unarmed           |    11 |       |       |       ||    11
       Dagger            |    17 |    16 |     5 |       ||    38
       Headbutt          |       |     2 |    13 |       ||    15
       Trident           |       |       |   102 |     2 ||   104
       War axe           |       |       |     1 |       ||     1
       Punch             |       |       |       |     1 ||     1
 Fire: Sling             |       |    19 |     3 |       ||    22
 Cast: Sting             |    67 |   127 |   114 |       ||   308
       Olgreb's Toxic Ra |       |       |    11 |       ||    11
       Teleport Other    |       |       |     2 |       ||     2
  Use: Potion            |       |       |     2 |       ||     2
 Stab: Sleeping          |     1 |     4 |       |       ||     5
Armor: Robe              |    12 |    11 |    43 |     1 ||    67
Dodge: Dodged            |    37 |    40 |    96 |       ||   173
